 Dungeon Crawl Stone Soup version 0.30-a0-591-g3c58d2bc28 (webtiles) character file.

Game seed: 13173125984321243983

7014 bmack86 the Cleaver (level 10, -2/90 HPs)
             Began as a Minotaur Fighter on Jan 5, 2023.
             Was an Elder of Okawaru.
             Slain by a fire crab (9 damage)
             ... on level 9 of the Dungeon.
             The game lasted 00:24:18 (7984 turns).

bmack86 the Cleaver (Minotaur Fighter)              Turns: 7984, Time: 00:24:19

Health: -2/90      AC: 21    Str: 25    XL:     10   Next: 82%
Magic:  6/13       EV:  9    Int:  5    God:    Okawaru [****..]
Gold:   423        SH:  7    Dex: 10    Spells: 9/9 levels left

rFire   . . .      SeeInvis .    a - +1 war axe
rCold   . . .      Faith    +    c - +0 buckler
rNeg    . . .      Spirit   .    u - +0 plate armour
rPois   .          Reflect  .    (helmet restricted)
rElec   .          Harm     .    (no cloak)
rCorr   .          Rampage  .    A - +0 pair of gloves
Will    +....                    l - +2 pair of boots Stlth
                                 s - amulet of faith
HPRegen 0.35/turn                r - ring of willpower
MPRegen 0.13/turn                (no ring)

@: heroic, finesse-ful
A: horns 2, retaliatory headbutt
a: Renounce Religion, Heroism, Finesse


You were on level 9 of the Dungeon.
You worshipped Okawaru.
Okawaru was greatly pleased with you.
You visited 2 branches of the dungeon, and saw 10 of its levels.

You collected 513 gold pieces.
You spent 90 gold pieces at shops.

Inventory:

Hand Weapons
 a - a +1 war axe (weapon)
Missiles
 t - 34 poisoned darts (quivered)
 L - a boomerang
 N - a silver javelin
Armour
 c - a +0 buckler (worn)
 l - a +2 pair of boots (worn)
 u - a +0 plate armour (worn)
 A - a +0 pair of gloves (worn)
 J - a +0 tower shield
Jewellery
 r - a ring of willpower (left hand)
 s - an amulet of faith (around neck)
 D - a ring of protection from cold
 G - an amulet of guardian spirit
 M - a +6 ring of dexterity
Wands
 o - a wand of iceblast (14)
 B - a wand of digging (5)
 E - a wand of acid (11)
 I - a wand of paralysis (8)
 K - a wand of flame (11)
Scrolls
 e - a scroll of immolation
 i - 4 scrolls of teleportation
 j - 2 scrolls of magic mapping
 m - a scroll of fear
 n - 2 scrolls of vulnerability
 p - a scroll of torment {unknown}
 q - 2 scrolls of enchant weapon
 x - a scroll of brand weapon {unknown}
 y - a scroll of noise {unknown}
 C - a scroll of fog {unknown}
 F - a scroll of blinking {unknown}
Potions
 b - a potion of resistance {unknown}
 d - a potion of might
 f - 2 potions of heal wounds
 g - 2 potions of magic
 h - a potion of flight
 k - 3 potions of lignification
 v - 3 potions of attraction
 w - 3 potions of cancellation
 z - 2 potions of haste
 H - a potion of degeneration {unknown}
 O - a potion of mutation {unknown}


   Skills:
 + Level 8.6(13.6) Fighting
 * Level 11.2(16.2) Axes
 + Level 5.6(10.6) Throwing
 + Level 8.7(13.7) Armour
 + Level 8.6(13.6) Shields
 + Level 5.6 Invocations


You had 9 spell levels left.
You didn't know any spells.
Your spell library contained the following spells:

 Spells                   Type           Power      Damage    Failure   Level
 Apportation              Tloc           0%         N/A       99%         1
 Necrotise                Necr           0%         1d4       99%         1
 Leda's Liquefaction      Hex/Erth       0%         N/A       100%        4
 Alistair's Intoxication  Tmut/Pois      0%         N/A       100%        5
 Borgnjor's Vile Clutch   Necr/Erth      0%         N/A       100%        5
 Lee's Rapid Deconstruct  Erth           0%         3d4*      100%        5
 Statue Form              Tmut/Erth      0%         N/A       100%        6
 Summon Small Mammal      Summ           Unusable   N/A       N/A         1
 Animate Dead             Necr           Unusable   N/A       N/A         4
 Death Channel            Necr           Unusable   N/A       N/A         6

Dungeon Overview and Level Annotations

Branches:
Dungeon (9/15)             Temple (1/1) D:4             Orc (0/2) D:9
   Lair: D:8-11

Altars:
Ashenzari
Cheibriados
Elyvilon
Gozag
Kikubaaqudgha
Makhleb
Nemelex Xobeh
Okawaru
Qazlal
Ru
Sif Muna
Trog
Uskayaw
Vehumet
Wu Jian
Xom
Yredelemnul
Zin
The Shining One

Shops:
D:5 [   D:6 (

Annotations:
D:6 4 runed translucent doors


Innate Abilities, Weirdness & Mutations

You have a pair of horns on your head.
You reflexively headbutt those who attack you in melee.


Message History

You barely miss the fire crab. You headbutt the fire crab!
The fire crab is moderately wounded.
You are engulfed in blazing flames.
The fire crab breathes flames at you.
The blast of flame engulfs you but does no damage.
You gain the combat prowess of a mighty hero.
You are engulfed in blazing flames.
The fire crab breathes flames at you. The blast of flame engulfs you.
You can now deal lightning-fast blows.
You are engulfed in blazing flames.
* * * LOW HITPOINT WARNING * * *
The fire crab breathes flames at you.
The blast of flame engulfs you but does no damage.
You closely miss the fire crab. You headbutt the fire crab.
The fire crab is moderately wounded.
You slash the fire crab!
The fire crab is heavily wounded.
You hit the fire crab.
The fire crab is heavily wounded.
The fire crab bites you but does no damage.
The fire crab claws you but does no damage.
You slash the fire crab!
The fire crab is severely wounded.
You hit the fire crab but do no damage.
The fire crab is severely wounded.
You hit the fire crab.
The fire crab is severely wounded.
The fire crab bites you but does no damage.
You block the fire crab's attack.
You slash the fire crab!
The fire crab is almost dead.
You hit the fire crab but do no damage.
The fire crab is almost dead.
You closely miss the fire crab.
The fire crab is almost dead.
The fire crab bites you!
* * * LOW HITPOINT WARNING * * *
You are engulfed in flames!
You die...

#.♣# #♣.....#.........##
#..♣♣♣.................# .
#................Z.....#..
####....)....8...>...8....
#...................###
#...................#
#........#.........##
#........#.........#
#.....@..#.........#
#.....t..#....8....#
#........####...####
#..............##
######...####.## #...#
....§ .§≈§§§ .≈.≈≈≈§


You could see a fire crab.

Vanquished Creatures
  A centaur warrior (D:8)
  Maggie (D:8)
  The ghost of sirJeffrey23 the Trooper, an amateur OgMo (D:5)
  Psyche (D:8)
  Grinder (D:5)
  2 trolls
  3 shadows (D:9)
  A yak (D:8)
  2 wyverns
  3 steam dragons
  An acid dragon (D:6)
  A two-headed ogre zombie (D:9)
  2 water moccasins (D:7)
  2 ice beasts
  2 orc warriors (D:8)
  A black bear (D:8)
  An ogre (D:5)
  2 sky beasts
  A centaur (D:6)
  2 phantoms
  4 kobold brigands
  2 scorpions
  A gnoll sergeant (D:8)
  5 wights (D:8)
  A troll zombie (D:9)
  3 killer bees (D:9)
  5 howler monkeys
  4 crimson imps (D:5)
  3 gnoll boudas
  3 hounds
  2 jellies
  6 orc priests
  Natasha (D:2)
  4 iguanas
  4 orc wizards
  6 ogre zombies (D:9)
  19 gnolls
  4 adders
  2 white imps
  An ufetubus (D:5)
  6 worms
  A dart slug (D:4)
  22 orcs
  5 endoplasms
  4 giant cockroaches
  13 goblins
  6 hobgoblins
  8 jackals
  20 kobolds
  A quokka (D:3)
  7 ball pythons
  6 bats
  2 frilled lizards
  2 goblin zombies (D:9)
  A hobgoblin skeleton (D:9)
  3 hobgoblin zombies (D:9)
  4 orc skeletons (D:9)
  13 orc zombies (D:9)
  6 rats
  A bush (D:4)
242 creatures vanquished.

Vanquished Creatures (others)
  2 gnolls (D:8)
  18 plants
  2 withered plants (D:3)
22 creatures vanquished.

Grand Total: 264 creatures vanquished

Notes
Turn   | Place    | Note
-------+----------+-------------------------------------------
     0 | D:1      | bmack86 the Minotaur Fighter began the quest for the Orb.
     0 | D:1      | Reached XP level 1. HP: 19/19 MP: 0/0
   324 | D:1      | Reached XP level 2. HP: 27/27 MP: 1/1
   329 | D:1      | Reached skill level 3 in Axes
   462 | D:1      | Found a faded altar of an unknown god.
   706 | D:2      | Found an opulent altar of Gozag.
   714 | D:2      | Reached XP level 3. HP: 33/33 MP: 2/2
  1114 | D:2      | Reached XP level 4. HP: 36/40 MP: 3/3
  1146 | D:2      | Reached skill level 4 in Axes
  1534 | D:2      | Noticed Natasha
  1540 | D:2      | Killed Natasha
  1668 | D:3      | Found a basalt altar of Yredelemnul.
  1781 | D:3      | Reached XP level 5. HP: 39/47 MP: 4/4
  2528 | D:4      | Noticed a phantom
  2536 | D:4      | Killed a phantom
  2537 | D:4      | Reached skill level 5 in Axes
  2537 | D:4      | Reached XP level 6. HP: 46/55 MP: 5/5
  2593 | D:4      | Found a staircase to the Ecumenical Temple.
  2603 | Temple   | Entered the Ecumenical Temple
  2617 | Temple   | Became a worshipper of Warmaster Okawaru
  2682 | D:4      | Reached skill level 5 in Shields
  2687 | D:4      | Reached skill level 5 in Fighting
  2687 | D:4      | Reached skill level 5 in Armour
  3077 | D:4      | Found a burning altar of Makhleb.
  3081 | D:4      | Noticed a green death
  3082 | D:4      | Found a glowing silver altar of Zin.
  3083 | D:4      | Noticed an angel
  3510 | D:5      | Entered Level 5 of the Dungeon
  3576 | D:5      | Found a runed translucent gate.
  3576 | D:5      | Found a runed translucent gate.
  3576 | D:5      | Noticed sirJeffrey23's ghost (amateur OgMo)
  3578 | D:5      | Found a runed translucent gate.
  3578 | D:5      | Noticed Grinder
  3599 | D:5      | Killed Grinder
  3599 | D:5      | Reached * piety under Okawaru
  3600 | D:5      | Reached skill level 6 in Axes
  3600 | D:5      | Reached skill level 1 in Throwing
  3600 | D:5      | Reached skill level 1 in Invocations
  3600 | D:5      | Reached XP level 7. HP: 25/61 MP: 6/6
  3911 | D:5      | Found a shimmering altar of Xom.
  4360 | D:5      | Reached XP level 8. HP: 48/70 MP: 8/8
  4372 | D:5      | Reached skill level 7 in Axes
  4495 | D:5      | Found Arihith's Antique Armour Shop.
  4498 | D:5      | Bought a pair of gloves for 90 gold pieces
  4612 | D:5      | Killed sirJeffrey23's ghost
  4633 | D:5      | Reached ** piety under Okawaru
  4782 | D:6      | Found Fystra's Weapon Shop.
  4879 | D:6      | Found a radiant altar of Vehumet.
  5104 | D:6      | Found a large runed translucent door.
  5104 | D:6      | Found a large runed translucent door.
  5105 | D:6      | Noticed a two-headed ogre
  5108 | D:6      | Found a large runed translucent door.
  5108 | D:6      | Found a large runed translucent door.
  5153 | D:6      | Reached skill level 8 in Axes
  5191 | D:6      | Reached XP level 9. HP: 22/78 MP: 10/10
  5846 | D:7      | Noticed a troll
  5855 | D:7      | Killed a troll
  5855 | D:7      | Reached *** piety under Okawaru
  5856 | D:7      | Reached skill level 9 in Axes
  6080 | D:7      | Found a glowing golden altar of the Shining One.
  6139 | D:8      | Noticed a troll
  6143 | D:8      | Noticed a centaur warrior
  6149 | D:8      | Killed a troll
  6153 | D:8      | Reached **** piety under Okawaru
  6160 | D:8      | Killed a centaur warrior
  6161 | D:8      | Reached skill level 10 in Axes
  6161 | D:8      | Reached XP level 10. HP: 21/88 MP: 10/12
  6167 | D:8      | Noticed Maggie
  6370 | D:8      | Killed Maggie
  6586 | D:8      | Reached skill level 5 in Throwing
  6690 | D:8      | Reached skill level 5 in Invocations
  6864 | D:8      | Found a broken altar of Ashenzari.
  6920 | D:8      | Found a stormy altar of Qazlal.
  6961 | D:8      | Found an ancient bone altar of Kikubaaqudgha.
  6961 | D:8      | Found a shimmering blue altar of Sif Muna.
  7054 | D:8      | Noticed Psyche
  7061 | D:8      | Killed Psyche
  7789 | D:9      | Found a sacrificial altar of Ru.
  7826 | D:9      | Found a staircase to the Orcish Mines.
  7839 | D:9      | Reached skill level 11 in Axes
  7843 | D:9      | Received a gift from Okawaru
  7955 | D:9      | Noticed a fire crab
  7984 | D:9      | Slain by a fire crab

Illustrated notes

Levels and vault maps discovered:
D:1:      dpeg_arrival_concentric_ovals, layout_rooms,
          hellmonk_ecumenical_altar_blasted, serial_bayou, serial_bayou_pond_c,
          serial_bayou_shore_a, serial_bayou_pond_c, serial_bayou_pond_d,
          serial_bayou_ford_a, serial_bayou_pond_c, minivault_24
D:2:      minmay_chambers_of_ones, layout_rooms, basic_altar,
          minmay_misc_feat_tower, minmay_split_cup_small, uniq_natasha
D:3:      layout_loops_cross, yredelemnul_altar_generic, minmay_misc_feat_five
D:4:      cheibrodos_old_hovel, layout_rooms,
          grunt_temple_overflow_order_and_chaos_2,
          minmay_temple_entry_offerings, serial_forest,
          infiniplex_forest_clump_diagonal, infiniplex_forest_end_3,
          infiniplex_forest_straight_4, infiniplex_forest_lined_3,
          infiniplex_forest_clump_medium, infiniplex_forest_side_room,
          grunt_ministairs_12
D:5:      layout_loops_ring, led_xom_imps, serial_shops, kennysheep_mini,
          gammafunk_ghost_nasty_kobolds, uniq_grinder
D:6:      layout_loops_ring, vehumet_crystals, serial_shops,
          nicolae_shop_competitors_out_of_business,
          minmay_hollow_rounded_squares
D:7:      layout_rooms, kennysheep_little_box
D:8:      minmay_ornate_pinched, layout_loops_corners,
          grunt_temple_overflow_open, uniq_maggie, uniq_psyche
D:9:      layout_basic, riverfiend_overflow_shadow_ancestor,
          mainiacjoe_overflow_brackets, minmay_lair_entry_lava,
          zombieorc2_lemuel, minmay_stone_trees_small, nicolae_elemental_shop,
          eino_jars
Temple:   hellmonk_temple_rainy

Skill      XL: |  1  2  3  4  5  6  7  8  9 10 |
---------------+-------------------------------+-----
Axes           | 3 4 5 6 8 10 11 | 11.2
Armour         | 4 5 6 7 8 |  8.7
Fighting       | 4 5 6 7 8 |  8.6
Shields        | 4 5 6 7 8 |  8.6
Throwing       | 1 2 3 4 5 |  5.6
Invocations    | 1 2 3 4 5 |  5.6

Action                   |  1- 3 |  4- 6 |  7- 9 | 10-12 || total
-------------------------+-------+-------+-------+-------++-------
Melee: War axe           |    80 |   163 |   182 |   153 ||   578
       Headbutt          |    14 |    33 |    29 |    34 ||   110
       Unarmed           |       |       |     1 |       ||     1
Invok: Heroism           |       |       |     9 |     6 ||    15
       Finesse           |       |       |       |     1 ||     1
  Use: Scroll            |     2 |     6 |     5 |     2 ||    15
       Potion            |       |       |     1 |       ||     1
Armor: Scale mail        |    50 |     8 |       |       ||    58
       Ring mail         |       |    43 |       |       ||    43
       Plate armour      |       |     9 |   140 |    89 ||   238
       Skin              |       |       |     2 |       ||     2
Dodge: Dodged            |    47 |    63 |    65 |    51 ||   226
Block: Buckler           |    30 |    42 |    53 |    35 ||   160

Table legend: (Time is in decaauts)
 A = Elapsed time spent in this place.
 B = Non-inter-level travel time spent in this place.
 C = Inter-level travel time spent in this place.
 D = Time resting spent in this place.
 E = Time spent auto-exploring this place.
 F = Levels seen in this place.
 G = Mean time per level.
                   A        B        C        D        E       F      G
               +--------+--------+--------+--------+--------+-----+--------+
         Total |   8090 |   7936 |    154 |    720 |   4823 |  10 |  809.0 |
       Dungeon |   8041 |   7887 |    154 |    720 |   4823 |   9 |  893.4 |
        Temple |     48 |     48 |      0 |      0 |      0 |   1 |   48.0 |
               +--------+--------+--------+--------+--------+-----+--------+

Top non-repeatable levels by time:
     D:8: 1302 daAuts
     D:5: 1223 daAuts
     D:4: 984 daAuts
     D:2: 932 daAuts
     D:6: 903 daAuts
     D:3: 835 daAuts
     D:1: 823 daAuts
     D:7: 823 daAuts
     D:9: 212 daAuts
  Temple: 48 daAuts
